 Dungeon Crawl Stone Soup version 0.19.1 (webtiles) character file.

69 NoWolfie the Skirmisher (level 4, -11/39 HPs)
             Began as a Human Wanderer on Nov 27, 2016.
             Killed by divine providence
             ... invoked by an orc priest
              (14 damage)
             ... on level 5 of the Dungeon.
             The game lasted 00:08:29 (1266 turns).

NoWolfie the Skirmisher (Human Wanderer)            Turns: 1266, Time: 00:08:30

Health: -11/39     AC:  3    Str: 11    XL:     4   Next: 42%
Magic:  4/4        EV: 16    Int: 12    God:
Gold:   72         SH:  0    Dex: 20    Spells: 0 memorised, 3 levels left

rFire  . . .     SeeInvis .     a - +2 falchion
rCold  . . .     Gourm    .     h - +0 leather armour
rNeg   . . .     Faith    .     (no shield)
rPois  .         Spirit   .     (no helmet)
rElec  .         Reflect  .     (no cloak)
rCorr  .         Harm     .     (no gloves)
MR     .....                    (no boots)
Stlth  +++.......               (no amulet)
                                (no ring)
                                (no ring)

@: agile
A: no striking features
a: no special abilities


You were on level 5 of the Dungeon.
You were not hungry.

You visited 1 branch of the dungeon, and saw 5 of its levels.

You collected 72 gold pieces.

Inventory:

Hand Weapons
 a - a +2 falchion (weapon)
 b - a +0 short sword
Missiles
 j - 42 bolts
Armour
 d - a +0 robe
 h - a +0 leather armour (worn)
 l - a +0 ring mail
Wands
 m - a wand of disintegration (3/24)
Scrolls
 c - a scroll of teleportation
 g - a scroll of identify {unknown}
 k - a scroll of random uselessness {unknown}
Potions
 i - a potion of cancellation
Comestibles
 f - a bread ration


   Skills:
 + Level 5.0 Fighting
 + Level 2.6 Long Blades
   Level 1.0 Staves
 + Level 1.2 Armour
 + Level 0.4 Dodging
 + Level 1.1 Stealth
   Level 1.0 Shields
 + Level 1.0 Evocations


You had 3 spell levels left.
You didn't know any spells.

Dungeon Overview and Level Annotations

Branches:
Dungeon (5/15)
 Temple: D:4-7

Altars:
Cheibriados


Message History

The orc wizard is severely wounded.
The orc wizard hits you with a dagger.
* * * LOW HITPOINT WARNING * * *
The orc priest hits you but does no damage.
You barely miss the orc wizard.
The orc wizard is severely wounded.
The orc wizard hits you with a dagger.
* * * LOW HITPOINT WARNING * * *
The orc priest hits you with a club.
* * * LOW HITPOINT WARNING * * *
The orc wizard hits you with a dagger.
* * * LOW HITPOINT WARNING * * *
It was a potion of cancellation.
You feel magically purged. The orc priest misses you.
The orc wizard hits you but does no damage.
It was a potion of agility.
You feel agile all of a sudden.
The orc priest calls down the wrath of Beogh upon you.
Beogh smites you!
You die...

..#...............##.o
......<............oo.
.....##)#####.....o...
........# #..#####.
.....##.# #..# ....
..# #..# ### ### #..#
#.)#####.# #.oo@o...#
##.####..... #.# ###
... ##.## #.# ... ###


You could see an orc priest, an orc wizard and an orc.

Vanquished Creatures
  A bullfrog skeleton (D:5)
  A hound skeleton (D:4)
  An adder skeleton (D:4)
  A worm (D:2)
  An orc (D:5)
  A bat (D:1)
  A giant cockroach (D:3)
  3 goblins
  2 hobgoblins
  2 jackals (D:2)
  2 kobolds (D:1)
  A quokka (D:2)
  A frilled lizard (D:2)
  A rat (D:2)
19 creatures vanquished.

Notes
Turn   | Place    | Note
-------+----------+-------------------------------------------
     0 | D:1      | NoWolfie the Human Wanderer began the quest for the Orb.
     0 | D:1      | NoWolfie set off with: a +2 falchion, a +0 short sword, a scroll of teleportation, a +0 robe, a bread ration
     0 | D:1      | Reached XP level 1. HP: 19/19 MP: 1/1
   293 | D:1      | Reached XP level 2. HP: 26/26 MP: 2/2
   778 | D:2      | Found a snail-covered altar of Cheibriados.
   868 | D:3      | Reached XP level 3. HP: 31/31 MP: 3/3
  1053 | D:5      | Entered Level 5 of the Dungeon
  1064 | D:5      | Reached skill level 5 in Fighting
  1064 | D:5      | Reached skill level 1 in Armour
  1064 | D:5      | Reached XP level 4. HP: 16/39 MP: 4/4
  1266 | D:5      | Killed from afar by an orc priest

Skill      XL: |  1  2  3 |
---------------+----------+-----
Fighting       | 5 |  5.0
Armour         | 1 |  1.2
Long Blades    | |  2.6
Staves         | |  1.0
Dodging        | |  0.4
Stealth        | |  1.1
Shields        | |  1.0
Evocations     | |  1.0

Action                   |  1- 3 |  4- 6 || total
-------------------------+-------+-------++-------
Melee: Falchion          |    77 |     5 ||    82
Evoke: Wand              |       |     2 ||     2
  Use: Potion            |       |     2 ||     2
  Eat: Bread ration      |       |     1 ||     1
Armor: Leather armour    |    13 |       ||    13
Dodge: Dodged            |    39 |     3 ||    42
       Rpst.: Falchion   |     8 |     1 ||     9
